AoeStats
← A Toothbrush

Black Forest

506027447Analyzed
4v4 RM · 22d ago on Sep 12, 2026· 84m 19s· 8 players
Game mode
Random Map
Map size
Large (8 player)
Population
200
Speed
Normal
Resources
Standard
Victory
Conquest
Starting age
Dark Age
Ending age
Imperial Age
RankedLock teamsTeams togetherTeam positionsShared explorationLock speedFull tech treeHidden civsTurbo modeCheats
Victory
Defeat
🇺🇸 Teutons · United States
1483
+13
🇺🇸 Dravidians · United States
1477
+13
🇨🇦 Romans · Canada
1409
+16
🇺🇸 Persians · United States
1319
+19
🇨🇳 Maya · China
1455
-17
🇮🇳 Bohemians · India
1398
-15
🇮🇳 Turks · India
1396
-15
🇲🇽 Khmer · Mexico
1386
-14
optimal_brain_damage
1:18 Loom
10:04 Feudal Age
10:13 Man-at-Arms
11:12 Arson
15:54 Fletching
17:54 Double-Bit Axe
18:39 Horse Collar
23:58 Castle Age
22:04 Gold Mining
22:17 Padded Archer Armor
25:04 Bow Saw
24:54 Heavy Plow
25:36 Wheelbarrow
25:08 Stone Mining
27:12 Hand Cart
27:57 Town Watch
32:49 Imperial Age
31:16 Scale Mail Armor
31:26 Forging
31:32 Forging
31:17 Pikeman
31:58 Squires
32:21 Squires
33:30 Chain Mail Armor
35:06 Chemistry
34:26 Ballistics
34:16 Halberdier
38:08 Plate Mail Armor
38:13 Iron Casting
38:01 Onager
39:07 Conscription
40:40 Siege Onager
42:23 Blast Furnace
44:07 Caravan
44:37 Coinage
45:10 Town Patrol
47:57 Long Swordsman
48:22 Gambesons
50:54 Two-Handed Swordsman
53:37 Champion
56:06 Wootz Steel
59:43 Banking
64:24 Guilds
66:01 Bodkin Arrow
66:06 Padded Archer Armor
66:27 Ballistics
67:01 Bracer
68:26 Siege Elephant
69:39 Thumb Ring
70:14 Scale Barding Armor
71:26 Elite Elephant Archer
72:26 Thumb Ring
73:55 Padded Archer Armor
76:38 Husbandry
76:58 Medical Corps
MotomilitiA
12:14 Feudal Age
14:07 Double-Bit Axe
17:01 Castle Age
17:04 Loom
17:54 Wheelbarrow
17:14 Gold Mining
25:36 Pikeman
26:35 Hand Cart
28:31 Scale Mail Armor
28:41 Forging
29:28 Squires
31:58 Town Watch
38:03 Imperial Age
35:52 Ballistas
38:43 Halberdier
40:09 Chain Mail Armor
40:30 Iron Casting
40:39 Heavy Scorpion
46:00 Ballistics
48:04 Conscription
49:34 Scale Barding Armor
50:29 Blast Furnace
50:33 Chemistry
49:57 Bow Saw
51:22 Bloodlines
51:15 Husbandry
50:36 Cavalier
53:53 Chain Barding Armor
57:41 Capped Ram
59:02 Siege Ram
62:23 Light Cavalry
74:53 Caravan
75:06 Elite Centurion
76:42 Plate Barding Armor
80:41 Man-at-Arms
Linkn00
11:52 Feudal Age
10:08 Loom
13:44 Horse Collar
13:52 Double-Bit Axe
16:37 Castle Age
17:41 Heavy Plow
18:33 Bow Saw
22:10 Wheelbarrow
24:46 Forging
26:24 Iron Casting
27:06 Husbandry
27:49 Bloodlines
28:47 Scale Barding Armor
33:40 Gold Mining
37:07 Imperial Age
35:42 Stone Mining
37:19 Stone Shaft Mining
38:13 Caravan
38:36 Conscription
39:17 Chain Barding Armor
39:57 Blast Furnace
39:20 Citadels
40:03 Elite War Elephant
43:06 Pikeman
43:46 Squires
46:22 Two-Man Saw
45:52 Crop Rotation
45:57 Gold Shaft Mining
47:35 Gold Shaft Mining
47:00 Cavalier
59:24 Plate Barding Armor
81:12 Savar
81:48 Capped Ram
A Toothbrush
8:01 Loom
11:04 Feudal Age
17:06 Castle Age
16:05 Double-Bit Axe
16:38 Horse Collar
24:46 Forging
26:31 Redemption
27:15 Wheelbarrow
29:49 Sanctity
29:43 Fervor
33:49 Bloodlines
34:54 Scale Barding Armor
36:16 Heavy Plow
37:44 Caravan
38:32 Bow Saw
39:18 Hand Cart
38:59 Town Watch
39:08 Gold Mining
43:01 Imperial Age
40:28 Fletching
40:39 Padded Archer Armor
40:28 Elite Skirmisher
41:21 Bodkin Arrow
41:58 Ballistics
43:12 Chain Barding Armor
43:28 Iron Casting
43:22 Leather Archer Armor
44:50 Masonry
48:13 Imperial Age
46:40 Pikeman
47:20 Squires
47:22 Scale Mail Armor
49:35 Ring Archer Armor
50:15 Chemistry
49:52 Conscription
58:34 Elite Teutonic Knight
59:24 Halberdier
60:20 Chain Mail Armor
61:06 Blast Furnace
63:31 Siege Engineers
65:27 Plate Mail Armor
64:45 Arson
68:10 Bombard Tower
69:18 Plate Barding Armor
77:29 Hoardings
79:46 Fortified Wall
HellScr3aM
2:38 Loom
12:45 Feudal Age
17:14 Castle Age
22:08 Imperial Age
19:58 Double-Bit Axe
20:32 Gold Mining
22:15 Bow Saw
32:26 Scale Barding Armor
32:21 Scale Mail Armor
32:32 Forging
32:32 Husbandry
32:42 Bloodlines
32:15 Heavy Camel Rider
32:30 Cavalier
32:35 Heavy Camel Rider
34:47 Iron Casting
35:17 Chain Barding Armor
35:57 Horse Collar
37:03 Bloodlines
45:36 Plate Barding Armor
55:33 Blast Furnace
59:01 Bombard Tower
58:38 Fletching
69:30 Artillery
81:18 Conscription
鸡腿1379
0:56 Loom
13:00 Feudal Age
21:23 Castle Age
19:52 Horse Collar
20:47 Fletching
20:47 Double-Bit Axe
22:11 Bodkin Arrow
24:00 Bow Saw
24:52 Town Watch
26:40 Padded Archer Armor
28:21 Wheelbarrow
28:13 Ballistics
28:49 Gold Mining
34:45 Imperial Age
34:17 Hul'che Javelineers
34:41 Elite Skirmisher
35:37 Leather Archer Armor
37:59 Bracer
39:18 Forging
40:17 Chemistry
39:51 Conscription
40:56 Thumb Ring
41:11 Hand Cart
40:53 Stone Mining
42:25 Squires
42:30 Scale Mail Armor
43:05 Iron Casting
42:14 Eagle Warrior
42:40 Arson
43:52 Holcans
44:39 Elite Eagle Warrior
46:06 Masonry
47:13 Chain Mail Armor
47:59 Blast Furnace
49:09 Pikeman
51:27 Plate Mail Armor
55:03 Halberdier
56:24 Ring Archer Armor
62:15 Capped Ram
66:05 Heavy Plow
67:38 Coinage
69:12 Banking
68:55 Guilds
72:00 Two-Man Saw
71:34 Crop Rotation
73:38 Siege Ram
83:45 Caravan
MortalKombat
6:26 Loom
11:32 Feudal Age
12:24 Double-Bit Axe
13:17 Wheelbarrow
13:32 Horse Collar
19:54 Castle Age
20:51 Bow Saw
22:29 Chemistry
23:57 Padded Archer Armor
25:57 Leather Archer Armor
28:41 Scale Mail Armor
29:08 Pikeman
29:49 Squires
37:42 Chain Mail Armor
37:47 Heavy Plow
38:54 Town Watch
40:06 Forging
46:13 Imperial Age
45:53 Iron Casting
46:17 Halberdier
48:32 Plate Mail Armor
58:06 Blast Furnace
57:38 Ring Archer Armor
62:13 Fervor
62:26 Sanctity
66:38 Houfnice
75:11 Hand Cart
:) YO30830
4:20 Loom
10:42 Feudal Age
11:16 Double-Bit Axe
15:04 Castle Age
13:54 Gold Mining
13:48 Horse Collar
22:17 Bow Saw
23:48 Heavy Plow
24:34 Light Cavalry
28:36 Stone Mining
29:21 Gold Shaft Mining
29:29 Wheelbarrow
30:39 Bloodlines
31:58 Stone Shaft Mining
36:30 Imperial Age
38:15 Hand Cart
37:43 Hussar
38:23 Husbandry
39:30 Scale Barding Armor
39:36 Forging
40:58 Elite Ballista Elephant
44:45 Chain Barding Armor
45:01 Iron Casting
45:18 Tusk Swords
45:39 Conscription
47:30 Plate Barding Armor
47:56 Blast Furnace
48:04 Blast Furnace
50:24 Chemistry
49:45 Ballistics
50:53 Conscription
50:34 Tusk Swords
50:35 Double Crossbow
56:18 Padded Archer Armor
56:22 Caravan
67:43 Leather Archer Armor
Connection lost

Rejoining the realm…

Still unreachable

The connection could not be restored.

Session expired

The server has moved on; the page needs a fresh start.